 Dungeon Crawl Stone Soup version 0.28.0 (webtiles) character file.

Game seed: 11992344281973734325

68 fragbeetle the Chopper (level 4, -7/39 HPs)
             Began as a Minotaur Monk on Feb 18, 2022.
             Mangled by an ogre (20 damage)
             ... on level 3 of the Dungeon.
             The game lasted 00:02:36 (1768 turns).

fragbeetle the Chopper (Minotaur Monk)              Turns: 1768, Time: 00:02:37

Health: -7/39      AC:  8    Str: 17    XL:     4   Next: 1%
Magic:  3/3        EV: 11    Int:  7    God:
Gold:   64         SH:  0    Dex: 13    Spells: 3/3 levels left

rFire   . . .      SeeInvis .   f - +3 whip
rCold   . . .      Faith    .   (no shield)
rNeg    . . .      Spirit   .   l - +0 ring mail
rPois   .          Reflect  .   (helmet restricted)
rElec   .          Harm     .   e - +0 cloak
rCorr   .          Rampage  .   j - +0 pair of gloves
Will    .....                   q - +0 pair of boots
Stlth   +.........              (no amulet)
HPRegen 0.13/turn               (no ring)
MPRegen 0.08/turn               (no ring)

@: no status effects
A: horns 2, retaliatory headbutt
a: no special abilities


You were on level 3 of the Dungeon.
You visited 1 branch of the dungeon, and saw 3 of its levels.

You collected 64 gold pieces.

Inventory:

Hand Weapons
 a - a +0 hand axe
 f - a +3 whip (weapon)
Missiles
 o - 35 bolts
Armour
 e - a +0 cloak (worn)
 j - a +0 pair of gloves (worn)
 l - a +0 ring mail (worn)
 q - a +0 pair of boots (worn)
Scrolls
 d - a scroll of enchant weapon {unknown}
 h - a scroll of fog {unknown}
 i - a scroll of amnesia {unknown}
 k - 4 scrolls of identify {unknown}
 p - a scroll of vulnerability {unknown}
Potions
 c - a potion of mutation {unknown}
 m - 2 potions of brilliance {unknown}
 n - a potion of magic {unknown}


   Skills:
 - Level 3.6 Fighting
 * Level 6.0 Axes
 - Level 3.2 Dodging
 - Level 1.5 Stealth


You had 3 spell levels left.
You didn't know any spells.
Your spell library contained the following spells:

 Spells                   Type           Power      Damage    Failure   Level
 Magic Dart               Conj           0%         1d3       65%         1
 Searing Ray              Conj           0%         2d4       78%         2
 Ignite Poison            Fire/Tmut/Pois 0%         N/A       95%         3
 Mephitic Cloud           Conj/Pois/Air  0%         N/A       95%         3
 Fulminant Prism          Conj/Hex       0%         3d6       100%        4
 Freezing Cloud           Conj/Ice/Air   0%         6-21      100%        5


Dungeon Overview and Level Annotations

Branches:
Dungeon (3/15)

Altars:

Shops:
D:3 *


Innate Abilities, Weirdness & Mutations

You have a pair of horns on your head.
You reflexively headbutt those who attack you in melee.


Message History

You kill the ball python!
Your Axes skill increases to level 6!
You have reached level 4!
You feel agile.
You see here a ball python corpse.
An ogre comes into view. It is wielding a +0 giant spiked club.
The ogre shouts!
An ogre is nearby!
An ogre is nearby!
Throw: 3 darts (atropa)
Press: ? - help, Shift-Dir - straight line, f - ogre
Aim: an ogre, wielding a +0 giant spiked club (73% to hit, chance to blind on hit: 41%)
You throw an atropa-tipped dart. The atropa-tipped dart hits the ogre.
The ogre appears confused.
The ogre seems less confused.
You whack the ogre!
The ogre is moderately wounded.
The ogre is no longer blind.
The ogre hits you with a +0 giant spiked club!
You barely miss the ogre.
The ogre is moderately wounded.
The ogre hits you with a +0 giant spiked club!
Throw: 2 darts (atropa)
Press: ? - help, Shift-Dir - straight line, f/p - ogre
Aim: an ogre, wielding a +0 giant spiked club (moderately wounded, 73% to hit, chance to blind on hit: 27%)
You throw an atropa-tipped dart. The atropa-tipped dart hits the ogre.
The ogre resists.
The ogre is moderately wounded.
Throw: dart (atropa)
Press: ? - help, Shift-Dir - straight line, f/p - ogre
Aim: an ogre, wielding a +0 giant spiked club (moderately wounded, 73% to hit, chance to blind on hit: 41%)
You throw an atropa-tipped dart. The atropa-tipped dart hits the ogre.
The ogre resists.
The ogre is moderately wounded.
The ogre misses you.
You hit the ogre.
The ogre is heavily wounded.
The ogre hits you with a +0 giant spiked club!!
Ouch! That really hurt!
You die...

#.# ###...#.......
#.# ##.#######.#
##.# #. #.# #<.# #.
#.# #.## #.# #.# #.#
#.### #.# #...#
###########.# #..
###.# #..†@O......#
### #.#
#.########### #.#
#.# #.# #.# #.# #.#
#######.#####.#
#######
...........(..#
#......
..........#####
##.#####
.######.#.##########
##...####


You could see an ogre.

Vanquished Creatures
  An adder (D:3)
  3 dart slugs
  2 endoplasms (D:1)
  3 giant cockroaches
  8 goblins
  3 hobgoblins
  3 quokkas
  8 ball pythons
  5 bats
  2 frilled lizards (D:2)
  4 kobolds
  7 rats
49 creatures vanquished.

Notes
Turn   | Place    | Note
-------+----------+-------------------------------------------
     0 | D:1      | fragbeetle the Minotaur Monk began the quest for the Orb.
     0 | D:1      | Reached XP level 1. HP: 19/19 MP: 0/0
   156 | D:1      | Reached skill level 4 in Axes
   163 | D:1      | Reached XP level 2. HP: 13/26 MP: 1/1
   632 | D:1      | Reached skill level 5 in Axes
   687 | D:1      | Reached XP level 3. HP: 31/31 MP: 2/2
   824 | D:1      | Found a faded altar of an unknown god.
  1475 | D:3      | Found Maproof's Assorted Antiques.
  1755 | D:3      | Reached skill level 6 in Axes
  1755 | D:3      | Reached XP level 4. HP: 39/39 MP: 3/3
  1756 | D:3      | Noticed an ogre
  1768 | D:3      | Mangled by an ogre

Illustrated notes

Levels and vault maps discovered:
D:1:      minmay_arrival_cross, layout_rooms, chequers_ecumenical_altar_grove,
          minmay_cupped
D:2:      layout_basic, item_on_display_a
D:3:      layout_loops_ring, serial_shops, shop_fountains, minmay_fountain_box,
          kennysheep_minor_cross

Skill      XL: |  1  2  3 |
---------------+----------+-----
Axes           | 4 5 6 |  6.0
Fighting       | |  3.6
Dodging        | |  3.2
Stealth        | |  1.5

Action                   |  1- 3 |  4- 6 || total
-------------------------+-------+-------++-------
Melee: Hand axe          |    22 |       ||    22
       Headbutt          |    14 |       ||    14
       Whip              |    65 |     3 ||    68
Throw: Dart              |       |     3 ||     3
 Stab: Sleeping          |     4 |       ||     4
Armor: Robe              |     5 |       ||     5
       Ring mail         |    10 |       ||    10
Dodge: Dodged            |    52 |     1 ||    53
